[Event "MČR v bleskovém šachu družstev 2019"]
[Site "Teplice, Czech Republic"]
[Date "2019.09.14"]
[Round "14.1"]
[White "Kociscak, Jiri"]
[Black "Brejnik, Gustav"]
[Result "1-0"]
[TimeControl "3 mim. + 2 s"]
[WhiteTitle "IM"]
[WhiteFideId "322121"]
[BlackFideId "362662"]
[WhiteElo "2417"]
[BlackElo "2137"]

1. d4 Nf6 2. c4 e6 3. Nf3 b6 4. g3 Ba6 5. Qb3 d5 6. Ne5 dxc4 7. Qc3 Nd5 8. Qf3 f6 9. Qh5+ Ke7 10. Bg2 Qe8 11.
Qh4 Kd8 12. Nf3 Be7 13. O-O Bb7 14. Nc3 Nxc3 15. bxc3 Qg6 16. Nd2 Bxg2 17. Kxg2 f5 18. Qf4 Nd7 19. Nxc4 Rc8 20. h3 Qf6 21.
Rd1 g5 22. Qf3 h5 23. Ne5 g4 24. Qf4 gxh3+ 25. Kh2 h4 26. Qf3 hxg3+ 27. fxg3 Ke8 28. Nc6 Bd6 29. Bf4 Bxf4 30. Qxf4 Rg8 31. Qf3 Rg4 32. Rf1 Kf7 33. Qxg4 fxg4 34. e4 Kg6 35. Rxf6+ Nxf6 36. Ne7+ 1-0

[Event "MČR v bleskovém šachu družstev 2019"]
[Site "Teplice, Czech Republic"]
[Date "2019.09.14"]
[Round "14.2"]
[White "Hula, Lukas"]
[Black "Polak, Tomas"]
[Result "0-1"]
[TimeControl "3 mim. + 2 s"]
[BlackTitle "GM"]
[WhiteFideId "319830"]
[BlackFideId "300560"]
[WhiteElo "2111"]
[BlackElo "2510"]

1. Nf3 Nf6 2. c4 e6 3. g3 b6 4. Bg2 Bb7 5. O-O d5 6. cxd5 Nxd5 7. Nc3 Be7 8.
d3 O-O 9. Bd2 c5 10. Rc1 Nd7 11. a3 Rc8 12. d4 c4 13. e4 Nxc3 14. Bxc3 Bxe4 15. Re1 Bd5 16. Bh3 Qc7 17. Nd2 Qb7 18.
Nf1 Nf6 19. Ne3 Bf3 20. Qc2 b5 21. Nf1 Rfd8 22. Nd2 Bc6 23. Re3 Nd5 24. Re5 Bf6 25. Rh5 g6 26. Re5 Bxe5 27. dxe5 Nxc3 28.
Qxc3 Rd3 29. Qc2 Rcd8 30. Nf1 Be4 0-1

[Event "MČR v bleskovém šachu družstev 2019"]
[Site "Teplice, Czech Republic"]
[Date "2019.09.14"]
[Round "14.3"]
[White "Stocek, Jiri"]
[Black "Hoke, Petr"]
[Result "1-0"]
[TimeControl "3 mim. + 2 s"]
[WhiteTitle "GM"]
[WhiteFideId "304760"]
[BlackFideId "305006"]
[WhiteElo "2505"]
[BlackElo "1946"]

1. e4 d6 2. d4 Nf6 3. Nc3 e5 4. Nf3 Nbd7 5. Rg1 exd4 6.
Nxd4 Nc5 7. Qe2 a6 8. g4 Ne6 9. Nf3 Be7 10. Be3 Nc5 11. O-O-O Ncxe4 12. Nxe4 Nxe4 13. Bd4 Nf6 14. g5 Nh5 15. Ne5 Nf4 16. Qf3 Bxg5 17.
Be3 Qf6 18. Rxg5 dxe5 19. Rxe5+ Qxe5 20. Bxf4 Qa5 21. Qe4+ Be6 22. Bc4 Qf5 23. Qxf5 Bxf5 24. Re1+ Be6 25. Bxe6 fxe6 26. Bxc7 Kd7 27.
Be5 Rhg8 28. Rd1+ Ke7 29. f4 Rad8 30.
Rg1 g6 31. h4 h5 32. Rg3 Rd5 33. c4 Rd7 34. Kc2 Rdd8 35. b4 Rc8 36. c5 b6 37. Bd6+ Kf6 38. Kd3 bxc5 39. bxc5 Rgd8 40. Ke4 Rd7 41. Rb3 Ra7 42. Rb6 a5 43.
a4 Rca8 44. Be5+ Kf7 45. c6 Rc8 46.
Rb7+ 1-0

[Event "MČR v bleskovém šachu družstev 2019"]
[Site "Teplice, Czech Republic"]
[Date "2019.09.14"]
[Round "14.4"]
[White "Pospichal, Michael"]
[Black "Vymazal, Bronislav"]
[Result "0-1"]
[TimeControl "3 mim. + 2 s"]
[WhiteFideId "387274"]
[BlackFideId "318396"]
[WhiteElo "1598"]
[BlackElo "2309"]

1. e4 g6 2. d4 Bg7 3. c3 d5 4. e5 c5 5. Nf3 Nc6 6. Bd3 Bg4 7. Be3 cxd4 8. cxd4 Qb6 9.
Qd2 Bxf3 10. gxf3 e6 11. Nc3 Nge7 12. Nb5 O-O 13. Nd6 Nxd4 14. Bxd4 Qxd4 15. f4 Bxe5 16. fxe5 Qxe5+ 17. Ne4 dxe4 0-1

[Event "MČR v bleskovém šachu družstev 2019"]
[Site "Teplice, Czech Republic"]
[Date "2019.09.14"]
[Round "14.5"]
[White "Jirovsky, Milos"]
[Black "Novotny, Michal"]
[Result "1-0"]
[TimeControl "3 mim. + 2 s"]
[WhiteTitle "GM"]
[BlackTitle "FM"]
[WhiteFideId "303224"]
[BlackFideId "310980"]
[WhiteElo "2499"]
[BlackElo "2299"]

1. Nf3 e6 2. c4 d5 3. g3 Nf6 4. Bg2 Be7 5. O-O O-O 6. b3 c5 7. cxd5 Nxd5 8. Bb2 Nc6 9. Nc3 Bf6 10. Rc1 Rb8 11. Qc2 Ndb4 12. Qb1 b6 13. Ne4 Bxb2 14. Qxb2 Ba6 15. d3 h6 16. a3 Nd5 17. b4 Nce7 18.
bxc5 bxc5 19. Qa2 Qb6 20. Nxc5 Bb5 21. Ne5 Rfd8 22. d4 Be8 23. e3 Qb2 24. Qxb2 Rxb2 25. Ned3 Ra2 26. Ra1 Rxa1 27.
Rxa1 Rb8 28. a4 Nc3 29. Bf1 Ned5 30. a5 Bc6 31. Rc1 Nb5 32. Nxe6 Ndc3 33. Nec5 f6 34.
Nf4 Bf3 35. Bc4+ Kh7 36. Bd3+ Kg8 37. h4 g5 38. Ng2 Kf7 39. Ne1 Ba8 40.
f4 gxh4 41. gxh4 Rg8+ 42. Kf2 Nd5 43. Bxb5 1-0

[Event "MČR v bleskovém šachu družstev 2019"]
[Site "Teplice, Czech Republic"]
[Date "2019.09.14"]
[Round "14.6"]
[White "Rolinek, Dominik"]
[Black "Sokolov, Alexander"]
[Result "0-1"]
[TimeControl "3 mim. + 2 s"]
[BlackTitle "FM"]
[WhiteFideId "384569"]
[BlackFideId "4119177"]
[WhiteElo "1885"]
[BlackElo "2417"]

1. d4 Nf6 2. Bf4 g6 3. Nc3 c5 4. e3 cxd4 5. exd4 Bg7 6. Nf3 O-O 7. Be2 d6 8. Qd2 Re8 9. O-O-O Nc6 10.
h4 h5 11. Bh6 Bh8 12. Bg5 a6 13.
Nh2 b5 14. f3 Qa5 15. Kb1 b4 16. Ne4 Nxe4 17. fxe4 Nxd4 18. g4 Be6 19. b3 Nb5 20. a4 Nc3+ 21. Kc1 Nxa4 22. bxa4 Qxa4 23.
c4 bxc3 24. Qc2 Qa3+ 0-1

[Event "MČR v bleskovém šachu družstev 2019"]
[Site "Teplice, Czech Republic"]
[Date "2019.09.14"]
[Round "14.7"]
[White "Dolezal, Radoslav"]
[Black "Richtr, Zdenek"]
[Result "1-0"]
[TimeControl "3 mim. + 2 s"]
[WhiteTitle "IM"]
[WhiteFideId "304735"]
[BlackFideId "301248"]
[WhiteElo "2359"]
[BlackElo "2138"]

1. d4 d5 2. Nf3 e6 3. g3 f5 4.
Bg2 Nf6 5. O-O Bd6 6. c4 c6 7. Nc3 O-O 8. c5 Be7 9. Bf4 b6 10. b4 a5 11. a3 Ba6 12. Ne5 Nfd7 13. Nd3 Bxd3 14.
Qxd3 b5 15. bxa5 Qxa5 16. Bd2 Qa6 17. Qe3 Rf6 18. Rfb1 Qa7 19. a4 b4 20. Rxb4 Nxc5 21. dxc5 Bxc5 22. Qf4 Bxb4 23. Qxb4 Na6 24. Qd6 Qc7 25. Bf4 Qxd6 26. Bxd6 Rf7 27. e3 Rd7 28.
Be5 c5 29. Bf1 c4 30. Rb1 Nc5 31. Rb4 Ne4 32. Be2 Rda7 33. Bd1 Kf7 34. Bd4 Rd7 35. Nxe4 fxe4 36. f3 exf3 37. Bxf3 Ra6 38. Kf2 Rc6 39. Bc3 Rcc7 40.
Ke2 Rb7 41. Kd2 Rxb4 42. Bxb4 Ra7 43. a5 Ke8 44. Kc3 Kd7 45. Bg4 g6 46. Bd1 e5 47.
Ba4+ Ke6 48. Bc6 Ra6 49. Bb7 Ra7 50. a6 g5 51. Bc5 d4+ 52. exd4 exd4+ 53. Kxd4 c3 54. Kxc3 h5 55. Bxa7 Kf5 56. Be3 Kg4 57. Bxg5 Kxg5 58. h3 h4 59. gxh4+ Kxh4 60. Bc8 Kg3 61. a7 1-0

[Event "MČR v bleskovém šachu družstev 2019"]
[Site "Teplice, Czech Republic"]
[Date "2019.09.14"]
[Round "14.8"]
[White "Hosnedl, Matyas"]
[Black "Postupa, Pavel"]
[Result "0-1"]
[TimeControl "3 mim. + 2 s"]
[WhiteFideId "390011"]
[BlackFideId "326410"]
[WhiteElo "1852"]
[BlackElo "2184"]

1. e4 c5 2. Nf3 d6 3. d4 cxd4 4. Nxd4 Nf6 5. Nc3 a6 6. Bg5 Nbd7 7. f4 Qc7 8. Qe2 h6 9. Bh4 e5 10. fxe5 dxe5 11. Nb3 Bb4 12. Qd3 g5 13. Bg3 Bxc3+ 14. bxc3 b5 15. c4 Bb7 16. cxb5 Bxe4 17.
Qc4 Qxc4 18. Bxc4 axb5 19. Bxb5 O-O 20. O-O Bxc2 21. Nd2 Ba4 22. Bxa4 Rxa4 23. Bxe5 Nxe5 24. Rxf6 Kg7 25. Rf5 Ng6 26.
Nb3 Rfa8 27. Raf1 R8a7 28. R1f2 Nf4 29. h4 f6 30. hxg5 hxg5 31. Kh2 Rxa2 32. Rd2 Rxd2 33. Nxd2 Ra2 34. Ne4 Rxg2+ 35. Kh1 Re2 36. Ng3 Re1+ 37. Kh2 Kg6 38. Ra5 Rb1 39.
Ra6 Rb2+ 40. Kh1 Rb4 41. Kg1 g4 42.
Kf2 Nh3+ 43. Kg2 Rb2+ 44. Kf1 Rf2+ 45. Ke1 Rf3 46. Nf1 g3 47. Nd2 Re3+ 48. Kf1 Nf4 49. Ra5 g2+ 50. Kg1 Re1+ 51. Nb1 0-1

[Event "MČR v bleskovém šachu družstev 2019"]
[Site "Teplice, Czech Republic"]
[Date "2019.09.14"]
[Round "14.9"]
[White "Soural, Jan"]
[Black "Vykouk, Jan"]
[Result "1/2-1/2"]
[TimeControl "3 mim. + 2 s"]
[BlackTitle "IM"]
[WhiteFideId "311928"]
[WhiteElo "2107"]
[BlackElo "2439"]

1. d4 Nf6 2. c4 e6 3. g3 c5 4. d5 exd5 5. cxd5 d6 6. Nc3 g6 7. Bg2 Bg7 8. Nf3 O-O 9. O-O Re8 10. Bf4 Ne4 11. Nxe4 Rxe4 12. Nd2 Rxf4 13. gxf4 Bxb2 14. Rb1 Bg7 15. Nc4 b6 16. Qd2 Ba6 17. Rbc1 Bxc4 18. Rxc4 Nd7 19. Rb1 Nf6 20. e3 Qe7 21. a4 Nd7 22. a5 Rb8 23. axb6 axb6 24. Rb5 Ra8 25. Bh3 f5 26. Qc2 Ra1+ 27. Rb1 b5 28. Rxa1 Bxa1 29. Qb1 bxc4 30. Qxa1 Nf6 31. Bg2 Ne4 32. Qc1 c3 33. Bxe4 Qxe4 34. Qxc3 Qxd5 35. Qf6 c4 36. h4
Qd1+ 37. Kh2 Qf3 38. Qd8+ Kf7 39. Qd7+ Kg8 40. Qe8+ Kg7 41. Qe7+ Kg8 42. Qe8+ Kg7 43. Qe7+ Kg8 44. Qe8+ 1/2-1/2

[Event "MČR v bleskovém šachu družstev 2019"]
[Site "Teplice, Czech Republic"]
[Date "2019.09.14"]
[Round "14.10"]
[White "Studnicka, Tomas"]
[Black "Vokoun, Jan"]
[Result "1/2-1/2"]
[TimeControl "3 mim. + 2 s"]
[WhiteTitle "IM"]
[BlackTitle "FM"]
[BlackFideId "301647"]
[WhiteElo "2215"]
[BlackElo "2123"]

1. d4 Nf6 2. c4 b6 3. Nc3 Bb7 4. f3 e6 5. e4 d5 6.
cxd5 exd5 7. e5 Nh5 8. g3 g6 9.
f4 Ng7 10. Nf3 a6 11. Bd3 c5 12. Be3 Nd7 13. O-O Be7 14. Ne2 O-O 15. g4 cxd4 16. Nfxd4 Nc5 17. Ng3 Nxd3 18. Qxd3 Rc8 19. Rac1 b5 20. Rxc8 Qxc8 21.
h3 Qc4 22. Qxc4 dxc4 23. f5 Bh4 24. Nge2 Re8 25. Bf4 gxf5 26. gxf5 Be4 27. Bh2 1/2-1/2

[Event "MČR v bleskovém šachu družstev 2019"]
[Site "Teplice, Czech Republic"]
[Date "2019.09.14"]
[Round "14.11"]
[White "Postupa, Martin"]
[Black "Cech, Pavel"]
[Result "0-1"]
[TimeControl "3 mim. + 2 s"]
[BlackTitle "IM"]
[WhiteFideId "325210"]
[WhiteElo "1958"]
[BlackElo "2387"]

1. e4 Nf6 2. Nc3 Nc6 3.
g3 e5 4.
Bg2 Bc5 5. Nge2 O-O 6. O-O a6 7. d3 d6 8. h3 Be6 9. Kh2 d5 10. exd5 Nxd5 11. Ne4 Be7 12. N2c3 Nb6 13. a3 f5 14.
Nd2 f4 15. Nf3 Qd7 16. Ne4 h6 17. Nh4 Bxh4 18. gxh4 Qe7 19. Qh5 Rf5 20. Qg4 Rg5 21. Qxe6+ Qxe6 22. hxg5 hxg5 23. Nxg5 Qe7 24.
Ne4 Nd4 25. Rg1 Nxc2 26. Rb1 Rd8 27.
Bf1 Nd4 28. Ng5 Nd5 29. Kh1 Rd6 30. Ne4 Rh6 31. b4 Qe6 32. Ng5 Qf5 33. Bb2 Rh5 34. Bxd4 exd4 35. Ne4 Rxh3+ 36. Kg2 f3# 0-1

[Event "MČR v bleskovém šachu družstev 2019"]
[Site "Teplice, Czech Republic"]
[Date "2019.09.14"]
[Round "14.12"]
[White "Sodoma, Jan"]
[Black "Krouzel, Jaroslav"]
[Result "1-0"]
[TimeControl "3 mim. + 2 s"]
[WhiteTitle "IM"]
[BlackFideId "301566"]
[WhiteElo "2193"]
[BlackElo "2086"]

1. Nf3 f5 2. g3 Nf6 3. Bg2 d6 4. d4 g6 5. b3 Bg7 6. Bb2 O-O 7. O-O c6 8. Nbd2 h6 9. c4 Qc7 10. Qc2 Nbd7 11. e4 e6 12. Rae1 d5 13. cxd5 exd5 14. exf5 gxf5 15.
Qxf5 Nc5 16. Qg6 Nce4 17. Nxe4 Nxe4 18. Bc1 Bf5 19. Qh5 Rae8 20. Ne5 Nf6 21. Qxf5 1-0

[Event "MČR v bleskovém šachu družstev 2019"]
[Site "Teplice, Czech Republic"]
[Date "2019.09.14"]
[Round "14.13"]
[White "Bernasek, Jan"]
[Black "Vojta, Tomas"]
[Result "1-0"]
[TimeControl "3 mim. + 2 s"]
[WhiteTitle "GM"]
[BlackTitle "FM"]
[WhiteFideId "311995"]
[BlackFideId "308781"]
[WhiteElo "2526"]
[BlackElo "2353"]

1. b3 d5 2. Bb2 Nf6 3. Nf3 c5 4. e3 Nc6 5. d4 cxd4 6. Nxd4 Bd7 7. Be2 Rc8 8. O-O Nxd4 9.
Bxd4 e6 10. c4 Bc6 11. Nc3 Be7 12. cxd5 Nxd5 13. Nxd5 Bxd5 14. Bb5+ Kf8 15. Qg4 Bf6 16. Rad1 h5 17. Qf4 Bg5 18.
Qg3 h4 19. Qg4 h3 20. e4 hxg2 21.
Rfe1 Qc7 22. Qxg2 Bc6 23. Bxc6 bxc6 24. Qxg5 Qxh2+ 25. Kf1 Qh1+ 26. Qg1 Qh6 27. Be3 Qh5 28. Rd7 Qf3 29. Bc5+ Kg8 30.
Re3 Qf6 31. Bd4 e5 32. Bc3 Rh4 33. Ke2 Rf4 34. Qg3 c5 35. Rd5 Qa6+ 36. Ke1 Qxa2 37. Bxe5 Qa5+ 38. Rd2 Qa1+ 39. Bxa1 1-0

[Event "MČR v bleskovém šachu družstev 2019"]
[Site "Teplice, Czech Republic"]
[Date "2019.09.14"]
[Round "14.15"]
[White "Vrbata, Zbynek"]
[Black "Svanda, Ondrej"]
[Result "1/2-1/2"]
[TimeControl "3 mim. + 2 s"]
[WhiteTitle "FM"]
[BlackTitle "FM"]
[WhiteFideId "301256"]
[BlackFideId "359670"]
[WhiteElo "2324"]
[BlackElo "1924"]

1. d4 Nf6 2. c4 e6 3. Nc3 Bb4 4. Nf3 b6 5. g3 Bb7 6. Bg2 c5 7. O-O cxd4 8. Qxd4 O-O 9. Rd1 Be7 10. e4 d6 11. Bg5 Nbd7 12. Rac1 a6 13. h3 h6 14. Bxf6 Nxf6 15. Qe3 Qc7 16. b3 Rac8 17. Nd4 Nd7 18. f4 Rfe8 19. Kh1 Bf8 20. Rf1 Qb8 21. f5 exf5 22. Nxf5 Nc5 23. Qd4 Ne6 24. Qd2 Nc5 25. Rce1 Qa8 26. Rf4 g6 27. Rg4 Kh7 28. Nxd6 Bxd6 29. Qxd6 Rc6 30. Qf4 Re7 31. Rh4 g5 32. Qxg5 Rg6 33. Qf5 Bc8 34. Qf4 Nd3 35. Qd2 Nxe1 36. Qxe1 Bb7 37. Qf2 Qd8 38. Rf4 Rg7 39. Nd5 Bxd5 40. cxd5 Qd6 41. Kh2 Qc5 42. Qxc5 bxc5
43. d6 Rd7 44. e5 Kg8 45. Bc6 Rd8 46. Ra4 Rg5 47. Re4 Rf5 48. Kg2 h5 49. g4 hxg4 50. hxg4 Rg5 51. Kg3 Kg7 52. Kf4 Rg6 53. g5 Rh8 54. Kf5 Re6 55. Bd5 Ree8 56. Rg4 Rh5 57. Kf4 Rf8 58. Kf5 Re8 59. Ra4 Rxg5+ 60. Kxg5 Rxe5+ 61. Kf4 Rxd5 62. Rxa6 Kf6 63. Ke4 Rd1 64. Rc6 Ke6 65. Rxc5 f5+ 66. Ke3 Rxd6 67. Rc2 Ke5 68. Rc5+ Ke6 69. Ra5 Rc6 70.
Kd4 Rc2 71. Re5+ Kf6 72. Ra5 Kg5 73. b4 Kg4 74. Ra8 Rb2 75. Kc3 Rb1 76. a4 f4 77. b5 f3
78. Rg8+ Kh3 79. Kc4 f2 80. Rf8 Kg2 81. a5 f1=Q+ 82. Rxf1 Kxf1 83. a6 Ra1 84. Kc5 Ke2 85. Kb6 Kd3 86. a7 Kc4 87. Kb7 Kxb5 88. a8=Q Rxa8 1/2-1/2

[Event "MČR v bleskovém šachu družstev 2019"]
[Site "Teplice, Czech Republic"]
[Date "2019.09.14"]
[Round "14.16"]
[White "Vavra, Michal"]
[Black "Kuba, Jindrich"]
[Result "0-1"]
[TimeControl "3 mim. + 2 s"]
[BlackTitle "FM"]
[WhiteFideId "306398"]
[BlackFideId "318248"]
[WhiteElo "2026"]
[BlackElo "2223"]

1. Nf3 Nf6 2. c4 g6 3. g3 Bg7 4. Bg2 c6 5. O-O O-O 6. d4 d5 7. Nc3 Nbd7 8. cxd5 cxd5 9. Bf4 a6 10.
Rc1 b5 11. Ne5 Bb7 12. Qb3 e6 13. a4 Nxe5 14. Bxe5 Qb6 15. axb5 axb5 16. Qxb5 Qxb5 17. Nxb5 Ra2 18. Rc2 Ra5 19. Nd6 Ba8 20. Rfc1 Nd7 21. Bxg7 Kxg7 22. Rc7 Rd8 23.
b4 Ra6 24. Nc8 Ra4 25. b5 Rxd4 26. b6 Rb4 27. b7 Rxb7 28. Nd6 Rb6 29. Nc8 Ra6 30. Ra7 Rxa7 31. Nxa7 Nb6 32. Rc7 d4 33. Nb5 Bxg2 34. Kxg2 d3 35. exd3 Rxd3 36. Rc6 Nd7 37. Rc7 Nf6 38. Na7 Rd7 39. Rxd7 Nxd7 40. Nc6 Kf6 41.
Kf3 Ne5+ 42. Nxe5 Kxe5 43. Ke3 h5 44. h3 Kf5 45. Kf3 e5 46.
Ke3 Ke6 47. Ke4 f5+ 48. Ke3 Kd5 49. Kd3 f4 50. Ke2 g5 51. Kf3 e4+ 52. Ke2 Kd4 53. h4 f3+ 54. Kd2 gxh4 55. gxh4 Ke5 56. Ke3 Kf5 57.
Kd4 Kf4 58. Kd5 e3 59. fxe3+ Kxe3 0-1

[Event "MČR v bleskovém šachu družstev 2019"]
[Site "Teplice, Czech Republic"]
[Date "2019.09.14"]
[Round "14.17"]
[White "Sykora, Ondrej"]
[Black "Rubes, Jan"]
[Result "1-0"]
[TimeControl "3 mim. + 2 s"]
[BlackTitle "FM"]
[BlackFideId "338176"]
[WhiteElo "2122"]
[BlackElo "2316"]

1. e4 c5 2. Nf3 Nc6 3. d4 cxd4 4. Nxd4 e5 5. Nb3 Nf6 6. N1d2 d5 7. exd5 Nxd5 8.
Ne4 Bf5 9. Ng3 Be6 10. Be2 Be7 11. O-O O-O 12. Kh1 f5 13. c3 Qc7 14. f3 Rad8 15. Qe1 Bh4 16. Qd2 Ndb4 17. Nd4 Nxd4 18.
cxd4 Rxd4 19. Qc3 Qf7 20. Be3 Nd5 21. Bxd4 Nxc3 22. Bxc3 Bxg3 23. hxg3 Bc4 24. Bxc4 Qxc4 25. Bxe5 Re8 26. f4 Kf7 27. Rac1 Qxa2 28.
Rc7+ Re7 29. Rfc1 b5 30. Rxe7+
Kxe7 31. Rc7+ Ke6 32.
Rxg7 a5 33. Rxh7 b4 34. Rh6+ Kd5 35. Rh5 Ke4 36. Rh8 a4 37.
Kh2 Qb1 38. Rb8 b3 39. Rb4+ Ke3 40. Rxa4 Qc2 41. Ra3 Kf2 42. Ra1 Qe2 43. Bd4+ 1-0

[Event "MČR v bleskovém šachu družstev 2019"]
[Site "Teplice, Czech Republic"]
[Date "2019.09.14"]
[Round "14.18"]
[White "Hadraba, Vladimir"]
[Black "Hacha, Ales"]
[Result "1/2-1/2"]
[TimeControl "3 mim. + 2 s"]
[WhiteFideId "301663"]
[WhiteElo "2095"]
[BlackElo "2065"]

1. e4 e5 2. Nf3 Nc6 3. Bb5 a6 4. Ba4 Nf6 5. O-O Be7 6. Re1 b5 7. Bb3 d6 8. c3 O-O 9. h3 Na5 10. Bc2 c5 11. d4 Qc7 12. Nbd2 Nc6 13. d5 Nd8 14. Nf1 Ne8 15. Ng3 g6 16.
Bh6 Ng7 17. Qd2 f6 18. a4 Rb8 19. axb5 axb5 20. b4 c4 21.
Ra5 Nf7 22. Be3 f5 23. exf5 gxf5 24. Ba7 Rb7 25. Rea1 f4 26. Ne4 Bf5 27. Qe2 Qd7 28. Ra6 Ra8 29. Bb6 Rxa6 30. Rxa6 h6 31.
Ra8+ Kh7 32. Ba5 Ra7 33. Rxa7 Qxa7 34. Nfd2 Qd7 35. Qf3 Ng5 36.
Nxg5+ hxg5 37. Bxf5+ Qxf5 38.
Qe4 Kg6 39. f3 Ne8 1/2-1/2

[Event "MČR v bleskovém šachu družstev 2019"]
[Site "Teplice, Czech Republic"]
[Date "2019.09.14"]
[Round "14.19"]
[White "Zima, Jan"]
[Black "Kral, David"]
[Result "0-1"]
[TimeControl "3 mim. + 2 s"]
[BlackFideId "326097"]
[WhiteElo "2048"]
[BlackElo "2028"]

1. e4 c5 2. Nc3 Nc6 3. Bb5 e5 4. d3 d6 5. f4 Bd7 6. Bxc6 Bxc6 7. Nf3 exf4 8. Bxf4 Nf6 9. O-O Be7 10. a4 O-O 11. Qe2 Nd7 12.
Nd5 Bxd5 13. exd5 Bf6 14. Bxd6 Re8 15. Qd2 Nb6 16. Bxc5 Qxd5 17. Bxb6 axb6 18. d4 Re4 19. c3 Rae8 20. Rfe1 Qc4 21. Rxe4 Rxe4 22. Re1 Rxe1+ 23. Qxe1 Qxa4 24.
h3 g6 25. Qe4 Qa1+ 26. Kh2 Qxb2 27. Qxb7 b5 28. Qc6 Kg7 29. Kg3 h5 30. h4 Qb3 31. Qc5 Qb1 32. Qc6 Qf5 33. Qc5 Qg4+ 34. Kf2 Bxh4+ 35. Nxh4 Qxh4+ 36. Ke2 Qg4+ 37. Kd2 Qxg2+ 38. Kd3 Qf3+ 39. Kd2 Qf4+ 40. Kd1 Qf1+ 41. Kd2 Qf2+ 42. Kd1 Qf3+ 43. Kd2 Qf4+ 44. Kd1 Qb8 45.
d5 Kf6 46. Qd4+ Ke7 47. Qe4+ Kd7 48. Qf3 Qe8 49. Qd3 Kd6 50. Kd2 Qe5 51. Qxb5 Qxd5+ 52. Ke1 0-1

[Event "MČR v bleskovém šachu družstev 2019"]
[Site "Teplice, Czech Republic"]
[Date "2019.09.14"]
[Round "14.21"]
[White "Krejci, Jan"]
[Black "Formanek, Martin"]
[Result "1-0"]
[TimeControl "3 mim. + 2 s"]
[WhiteTitle "GM"]
[WhiteFideId "322156"]
[BlackFideId "316768"]
[WhiteElo "2527"]
[BlackElo "2230"]

1. d4 Nf6 2. c4 g6 3. Nf3 Bg7 4. Nc3 d6 5. Bg5 O-O 6. e3 c5 7. d5 h6 8. Bh4 g5 9. Bg3 Nh5 10.
Bd3 f5 11. Nd2 Nxg3 12. hxg3 Nd7 13.
g4 Ne5 14. Bxf5 Bxf5 15. gxf5 Rxf5 16. Qc2 Qd7 17. f3 a6 18. a4 Raf8 19. Nce4 b5 20. axb5 axb5 21. Ng3 bxc4 22. Nxf5 Nd3+ 23. Kf1 Qxf5 24. Nxc4 g4 25. f4 Qxd5 26. Rd1 Nb4 27. Rxd5 Nxc2 28. Ke2 Nb4 29. Rd2 d5 30. Nb6 d4 31. Rh4 Rb8 32. Nd7 Rb7 33. Nxc5 1-0

[Event "MČR v bleskovém šachu družstev 2019"]
[Site "Teplice, Czech Republic"]
[Date "2019.09.14"]
[Round "14.22"]
[White "Kopta, Pavel"]
[Black "Sorm, Daniel"]
[Result "1-0"]
[TimeControl "3 mim. + 2 s"]
[WhiteTitle "FM"]
[BlackTitle "FM"]
[WhiteFideId "309109"]
[BlackFideId "5400139"]
[WhiteElo "2234"]
[BlackElo "2310"]

1. d4 d5 2. c4 e6 3. Nc3 c6 4. Nf3 dxc4 5.
a4 Bb4 6. e3 b5 7. Bd2 Qb6 8. Be2 Bb7 9. O-O Nf6 10. b3 Bxc3 11. Bxc3 b4 12. a5 Qc7 13. Bxb4 Na6 14. Ba3 c5 15. dxc5 Nxc5 16. Rc1 Rd8 17. Qc2 Qxa5 18. Qxc4 Qxa3 19.
Ra1 Qxb3 20. Qxc5 Qd5 21. Bb5+ Nd7 22. Qb4 Bc6 23. Bxc6 Qxc6 24. Rfc1 Qb6 25. Qa3 f6 26. Rab1 Kf7 27. Rxb6 axb6 28. Qa7 Rhe8 29. Rc7 Re7 30. h3 Rde8 31. Nd4 Nc5 32.
Rxe7+ Rxe7 33. Qxb6 Ne4 34. g4 g5 35. Kg2 h5 36. Qb8 hxg4 37. hxg4 Kg7 38. Qd8 Kf7 39. Qh8 Nc5 40. Qh7+ Ke8 41. Qg6+ Rf7 42. Nc6 Nb7 43.
Qg8+ Rf8 44. Qxe6# 1-0

[Event "MČR v bleskovém šachu družstev 2019"]
[Site "Teplice, Czech Republic"]
[Date "2019.09.14"]
[Round "14.23"]
[White "Strasil, Pavel"]
[Black "Chmel, Kristian"]
[Result "0-1"]
[TimeControl "3 mim. + 2 s"]
[WhiteFideId "308013"]
[BlackFideId "344281"]
[WhiteElo "2026"]
[BlackElo "2097"]

1. d4 Nf6 2. c4 g6 3. Nc3 d5 4. cxd5 Nxd5 5. Nf3 Bg7 6. e3 O-O 7. Be2 c5 8. Nxd5 Qxd5 9. dxc5 Qxc5 10. O-O Nc6 11. a3 Rd8 12. Qa4 Bf5 13.
Qb5 Qc2 14. Qc4 Qxc4 15. Bxc4 Rac8 16. Be2 Na5 17. Nd4 Bxd4 18. exd4 Nb3 19. Rb1 Bxb1 0-1

[Event "MČR v bleskovém šachu družstev 2019"]
[Site "Teplice, Czech Republic"]
[Date "2019.09.14"]
[Round "14.24"]
[White "Routner, Jakub"]
[Black "Krejci, Jan"]
[Result "1-0"]
[TimeControl "3 mim. + 2 s"]
[WhiteFideId "322245"]
[BlackFideId "316873"]
[WhiteElo "2138"]
[BlackElo "2048"]

1. e4 e5 2. Nf3 Nf6 3. Nxe5 d6 4. Nf3 Nxe4 5. Nc3 Nxc3 6. dxc3 Be7 7. Bf4 Nc6 8. Qd2 Be6 9. Bd3 Qd7 10. a3 h6 11. h3 Bf6 12. O-O-O a6 13. Rhe1 O-O-O 14. Be4 Kb8 15. Kb1 g5 16. Bg3 Rhe8 17. Nd4 Nxd4 18. cxd4 d5 19. Bf3 Qb5 20. Be5 Be7 21. Re2 Bxa3 22.
Qc3 Bd6 23. Rde1 Bxe5 24. Rxe5 c6 25. Bg4 Rd6 26. Qg3 Red8 27. Bxe6 fxe6 28. Rxe6 Qb4 29. c3 Qb3 30. Rxd6 Rxd6 31. Qxd6+ Ka7 32. Qc5+ Kb8 1-0

[Event "MČR v bleskovém šachu družstev 2019"]
[Site "Teplice, Czech Republic"]
[Date "2019.09.14"]
[Round "14.25"]
[White "Starek, Stanislav"]
[Black "Liska, Jiri"]
[Result "0-1"]
[TimeControl "3 mim. + 2 s"]
[BlackTitle "FM"]
[WhiteFideId "349844"]
[WhiteElo "2119"]
[BlackElo "2241"]

1. e4 c5 2. Nf3 Nc6 3. d4 cxd4 4. Nxd4 e5 5. Nb3 Nf6 6. Nc3 Bb4 7. Bd3 d5 8.
exd5 Nxd5 9. Bd2 Nxc3 10. bxc3 Be7 11. O-O O-O 12. f4 Bf6 13. f5 a5 14. Nc5 Qb6 15. Be3 Be7 16. Rb1 Qa7 17.
Rb5 Bd7 18. Qf3 Nd4 19. Nxd7 Nxf3+ 20. Rxf3 b6 21. Nxf8 Rxf8 22. Rxb6 Qc7 23. f6 Bc5 24. fxg7 Bxe3+ 25. Rxe3 Qxb6 26. gxf8=Q+ Kxf8 27. Kf2 h6 28. Ke2 Qc5 29. c4 f6 30.
Re4 a4 31. Kf3 a3 32. Kg4 Qf2 33. Kh3 Qf5+ 34. Kg3 Qg5+ 35. Kf2 Qd2+ 36. Re2 Qc3 37. Kf3 Qb2 38. Ke4 Qxa2 39.
Kf5 Qb1 40. Kxf6 Qb6+ 41. Kxe5 Qc5+ 42. Kf4 a2 0-1

[Event "MČR v bleskovém šachu družstev 2019"]
[Site "Teplice, Czech Republic"]
[Date "2019.09.14"]
[Round "14.26"]
[White "Vltavsky, Vladimir"]
[Black "Nemec, Jachym"]
[Result "1-0"]
[TimeControl "3 mim. + 2 s"]
[BlackFideId "23716525"]
[WhiteElo "2252"]
[BlackElo "2033"]

1. e4 c5 2. Nf3 e6 3. c3 d5 4. exd5 exd5 5. d4 Nc6 6. Bb5 a6 7. Ba4 b5 8. Bc2 Nf6 9. O-O Be7 10. h3 O-O 11. a4 b4 12. dxc5 Bxc5 13. Nbd2 bxc3 14. bxc3 Ba7 15. Nb3 Be6 16. Nfd4 Nxd4 17. Nxd4 Rc8 18. Ra3 Bc5 19. Rb3 Qc7 20. Bg5 Nd7 21. Qd3 g6 22. Rfb1 Ne5 23.
Qg3 Bxd4 24. cxd4 Qxc2 25. dxe5 d4 26. Rb6 d3 27. Qf4 Rfe8 28. Bh6 f5 29. exf6 Bf7 30. Rb7 Rc4 31. Qd6 Rce4 32. Be3 R4e6 33.
Qd7 Rxf6 34. Bd4 Rfe6 35. Qxf7# 1-0

[Event "MČR v bleskovém šachu družstev 2019"]
[Site "Teplice, Czech Republic"]
[Date "2019.09.14"]
[Round "14.27"]
[White "Smolik, Jachym"]
[Black "Marsalek, Zdenek"]
[Result "0-1"]
[TimeControl "3 mim. + 2 s"]
[WhiteFideId "23701641"]
[WhiteElo "1873"]
[BlackElo "2272"]

1. e4 d6 2. d4 Nf6 3. Nc3 e5 4. dxe5 dxe5 5. Qxd8+ Kxd8 6. Bg5 Be6 7. Nf3 Nbd7 8. O-O-O Kc8 9. Bxf6 gxf6 10. Nd5 Bc5 11. Rd2 Rg8 12. g3 c6 13. Ne3 b5 14.
Nh4 Kc7 15. Nef5 a5 16. Bg2 Bxa2 17. Rhd1 Be6 18. Nh6 Rgf8 19. N4f5 Nb6 20. Ng4 a4 21. Nxf6 a3 22. bxa3 Rxa3 23.
c3 Nc4 24. Rd7+ Bxd7 25. Rxd7+ Kb6 26. Kc2 Ra2+ 27. Kc1 Rfa8 28. Kd1 Rxf2 29. Bh3 Ra1# 0-1